 Dungeon Crawl Stone Soup version 0.27-a0-686-gaed091b46b (webtiles) character file.

Game seed: 13137372421430502932

30 tilp the Magician (level 2, 0/24 HPs)
             Began as a Demigod Hedge Wizard on Mar 20, 2021.
             Slain by a gnoll
             ... wielding a +0 club
              (11 damage)
             ... on level 2 of the Dungeon.
             The game lasted 00:02:07 (1985 turns).

tilp the Magician (Demigod Hedge Wizard)            Turns: 1985, Time: 00:02:07

Health: 0/24       AC:  3    Str: 11    XL:     2   Next: 87%
Magic:  4/8        EV: 12    Int: 16    God:
Gold:   30         SH:  0    Dex: 13    Spells: 1/6 levels left

rFire    . . .     SeeInvis .   g - +0 mace
rCold    . . .     Faith    .   (no shield)
rNeg     . . .     Spirit   .   b - +0 robe
rPois    .         Reflect  .   d - +0 helmet
rElec    .         Harm     .   (no cloak)
rCorr    .         Rampage  .   (no gloves)
Will     .....                  (no boots)
Stlth    ++........             (no amulet)
HPRegen  0.08/turn              (no ring)
MPRegen  0.11/turn              (no ring)

@: no status effects
A: high mp 1, forlorn
a: no special abilities


You were on level 2 of the Dungeon.
You visited 1 branch of the dungeon, and saw 2 of its levels.

You collected 30 gold pieces.

Inventory:

Hand Weapons
 a - a +0 dagger
 g - a +0 mace (weapon)
Missiles
 h - 28 stones (quivered)
Armour
 b - a +0 robe (worn)
 c - a +0 hat
 d - a +0 helmet (worn)
Scrolls
 e - a scroll of vulnerability {unknown}
 f - a scroll of teleportation {unknown}


   Skills:
 + Level 2.1 Fighting
 - Level 1.8 Dodging
 - Level 1.9 Stealth
 - Level 2.7 Spellcasting
 - Level 1.0 Conjurations
 - Level 1.0 Summonings
 - Level 1.0 Translocations


You had one spell level left.
You knew the following spells:

 Your Spells              Type           Power      Damage    Failure   Level
a - Magic Dart            Conj           20%        1d4       13%         1
b - Blink                 Tloc           N/A        N/A       19%         2
c - Call Imp              Summ           5%         N/A       19%         2

Your spell library contained the following spells:

 Spells                   Type           Power      Damage    Failure   Level
 Slow                     Hex            2%         N/A       28%         2
 Conjure Flame            Conj/Fire      3%         6-21      43%         3
 Mephitic Cloud           Conj/Pois/Air  3%         N/A       45%         3


Dungeon Overview and Level Annotations

Branches:
Dungeon (2/15)


Innate Abilities, Weirdness & Mutations

Your attributes grow dramatically as you level up.
You have an increased reservoir of magic. (+10% MP)
You shall have no god before yourself.


Message History

Aim: a gnoll, wielding a +0 club (moderately wounded, 0% to evade)
The magic dart hits the gnoll.
The gnoll is heavily wounded.
A gnoll comes into view. It is wielding a +0 club.
Casting: Magic Dart (safe; 13% risk of failure)
Confirm with . or Enter, or press ? or * to list all spells.
Aiming: Magic Dart (safe; 13% risk of failure)
Press: ? - help, Shift-Dir - straight line, f/p - gnoll
Aim: a gnoll, wielding a +0 club (heavily wounded, 0% to evade)
The magic dart hits the gnoll.
The gnoll is severely wounded.
Casting: Magic Dart (safe; 13% risk of failure)
Confirm with . or Enter, or press ? or * to list all spells.
Aiming: Magic Dart (safe; 13% risk of failure)
Press: ? - help, Shift-Dir - straight line, f/p - gnoll
Aim: a gnoll, wielding a +0 club (severely wounded, 0% to evade)
The magic dart hits the gnoll.
The gnoll is almost dead.
An adder comes into view.
The adder hisses angrily.
You hit the gnoll.
The gnoll is almost dead.
The gnoll closely misses you.
You barely miss the gnoll.
The gnoll is almost dead.
The gnoll hits you with a +0 club.
You barely miss the gnoll.
The gnoll is almost dead.
The gnoll hits you with a +0 club.
A gnoll comes into view.
The gnoll hits you with a +0 club.
The gnoll shouts!
You hit the gnoll.
You kill the gnoll!
The gnoll closely misses you.
Your Fighting skill increases to level 2!
You hit the gnoll.
The gnoll is heavily wounded.
The gnoll hits you with a +0 club!
You die...

...###..................
..............###.######.
....###..###### #.#
.........# #.##
..#####.## #..#
.>#####.##########.#####.
.........................
#.######.#########.######
#@# #........# #g#
####.....##[# #S#
.............# #.#
.####.....##.# #g#
#.....##<# #.# ##..####.#
... #..# #.^ .##
.#####..# #.# ........#
#.#


You could see 2 gnolls and an adder.

Vanquished Creatures
  A gnoll (D:2)
  An ooze (D:1)
  A leopard gecko (D:1)
  A giant cockroach (D:1)
  2 goblins (D:1)
  4 hobgoblins
  3 bats (D:1)
  2 kobolds (D:1)
  A rat (D:1)
16 creatures vanquished.

Notes
Turn   | Place    | Note
-------+----------+-------------------------------------------
     0 | D:1      | tilp the Demigod Hedge Wizard began the quest for the Orb.
     0 | D:1      | Reached XP level 1. HP: 14/14 MP: 6/6
   276 | D:1      | Reached skill level 1 in Translocations
   344 | D:1      | Reached skill level 1 in Conjurations
   344 | D:1      | Reached skill level 1 in Summonings
  1225 | D:1      | Reached skill level 1 in Fighting
  1225 | D:1      | Reached XP level 2. HP: 23/23 MP: 8/8
  1237 | D:1      | Learned a level 2 spell: Blink
  1240 | D:1      | Learned a level 2 spell: Call Imp
  1985 | D:2      | Slain by a gnoll

Illustrated notes

Levels and vault maps discovered:
D:1:      psy_arrival_statuary, layout_basic, minmay_misc_feat_columns
D:2:      layout_loops_ring, grunt_nemelex_the_gamble

Skill      XL: |  1  2 |
---------------+-------+-----
Translocations | 1 |  1.0
Conjurations   | 1 |  1.0
Summonings     | 1 |  1.0
Fighting       | 1 2 |  2.1
Dodging        | |  1.8
Stealth        | |  1.9
Spellcasting   | |  2.7

Action                   || total
-------------------------++-------
Melee: Dagger            ||    75
       Mace              ||     6
 Cast: Magic Dart        ||     6
 Stab: Sleeping          ||     1
Armor: Robe              ||    24
Dodge: Dodged            ||    53

Table legend: (Time is in decaauts)
 A = Elapsed time spent in this place.
 B = Non-inter-level travel time spent in this place.
 C = Inter-level travel time spent in this place.
 D = Time resting spent in this place.
 E = Time spent auto-exploring this place.
 F = Levels seen in this place.
 G = Mean time per level.
                   A        B        C        D        E       F      G
               +--------+--------+--------+--------+--------+-----+--------+
         Total |   1987 |   1896 |     91 |    318 |   1397 |   2 |  993.5 |
       Dungeon |   1987 |   1896 |     91 |    318 |   1397 |   2 |  993.5 |
               +--------+--------+--------+--------+--------+-----+--------+

Top non-repeatable levels by time:
     D:1: 1927 daAuts
     D:2: 60 daAuts
